 Dungeon Crawl Stone Soup version 0.29-a0-322-g68df515428 (webtiles) character file.

Game seed: 5646915936691114940

16 Leszczynek the Chopper (level 2, 8/23 HPs)
             Began as a Human Gladiator on Apr 6, 2022.
             Quit the game on level 3 of the Dungeon.
             The game lasted 00:01:31 (198 turns).

Leszczynek the Chopper (Human Gladiator)             Turns: 198, Time: 00:01:32

Health: 8/23       AC: 12    Str: 14    XL:     2   Next: 75%
Magic:  2/2        EV: 20    Int:  8    God:
Gold:   18         SH:  0    Dex: 14    Spells: 1/1 levels left

rFire   . . .      SeeInvis .   (weapon currently unavailable)
rCold   . . .      Faith    .   (shield currently unavailable)
rNeg    + + +      Spirit   .   (body armour currently unavailable)
rPois   +          Reflect  .   (helmet currently unavailable)
rElec   .          Harm     .   (cloak currently unavailable)
rCorr   .          Rampage  .   (gloves currently unavailable)
Will    .....                   (boots currently unavailable)
Stlth   +.........              (no amulet)
HPRegen 0.07/turn               (no ring)
MPRegen 0.08/turn               (no ring)

@: lethally poisoned (8 -> 0), fungus-form, flying
A: melee confuse, terrified, no casting, tiny
a: no special abilities


You were on level 3 of the Dungeon.
You were a sentient fungus.
You visited 1 branch of the dungeon, and saw 3 of its levels.

You collected 18 gold pieces.

Inventory:

Hand Weapons
 a - a +0 war axe (melded)
Missiles
 d - 2 throwing nets (quivered)
 e - a javelin
Armour
 b - a +0 leather armour (melded)
 c - a +0 helmet (melded)
Scrolls
 f - a scroll of fog {unknown}
 g - 2 scrolls of identify {unknown}


   Skills:
 * Level 2.4 Fighting
 * Level 3.3 Axes
 + Level 2.1 Throwing
 + Level 3.1 Dodging


You had one spell level left.
You didn't know any spells.
Your spell library contained the following spells:

 Spells                   Type           Power      Damage    Failure   Level
 Slow                     Hex            0%         N/A       41%         1
 Confusing Touch          Hex            0%         N/A       78%         3
 Vampiric Draining        Necr           0%         2d6       78%         3


Dungeon Overview and Level Annotations

Branches:
Dungeon (3/15)

Altars:

Annotations:
D:3 Ijyb


Message History

You now have 18 gold pieces (gained 1).
There is a stone staircase leading down here.
Found a robe.
Found a cyan potion.
h - a cyan potion You open the door.
There is an open door here.
There is a stone staircase leading down here.
You climb downwards.
Ijyb shouts!
The adder hisses angrily.
There is a stone staircase leading up here.
Enter note: uh huh
Okay, then.
Throw: 3 throwing nets
Press: ? - help, Q - select action, (/) - cycle Shift-Dir - straight line, f - Ijyb
Aim: Ijyb, wielding a +0 dagger, wearing a +0 scale mail and carrying a wand of polymorph (9) (57% to hit)
You throw a throwing net. The throwing net hits Ijyb.
Ijyb is caught in the net!
The adder closely misses you.
You hit Ijyb.
Ijyb is lightly wounded.
You closely miss the adder.
Ijyb struggles against the net.
The adder bites you.
You are poisoned.
The adder poisons you!
Ijyb struggles against the net.
You catch the helpless Ijyb completely off-guard!
You hit Ijyb but do no damage.
Ijyb is lightly wounded.
You hit the adder.
You feel sick. The adder bites you.
Ijyb struggles against the net.
The adder bites you.
You are lethally poisoned!
The adder poisons you!
It was a potion of flight.
You feel very buoyant.
You fly up into the air.
You feel sick. The adder bites you but does no damage.
Ijyb zaps a wand.
You turn into a sentient fungus.
Your +0 war axe melds into your body.
Your +0 helmet melds into your body.
Your +0 leather armour melds into your body.
Ijyb struggles against the net.
Are you sure you want to abandon this character and quit the game? (Confirm with "yes".) .#########.#### ......gfS...... ###############

You could see Ijyb (caught) and an adder.

Vanquished Creatures
  2 endoplasms (D:1)
  A giant cockroach (D:1)
  A goblin (D:2)
  A hobgoblin (D:1)
  3 jackals
  A kobold (D:1)
  A bat (D:1)
  A frilled lizard (D:2)
  4 rats
15 creatures vanquished.

Vanquished Creatures (others)
  A plant (D:2)
1 creature vanquished.

Grand Total: 16 creatures vanquished

Notes
Turn   | Place    | Note
-------+----------+-------------------------------------------
     0 | D:1      | Leszczynek the Human Gladiator began the quest for the Orb.
     0 | D:1      | Reached XP level 1. HP: 16/16 MP: 1/1
    90 | D:1      | Reached XP level 2. HP: 17/22 MP: 2/2
   193 | D:3      | Noticed Ijyb
   194 | D:3      | uh huh
   198 | D:3      | Quit the game

Illustrated notes .#########.#### ......g@S...... ############### Turn 194 on D:3: uh huh

Levels and vault maps discovered:
D:1:      giann_wishing_wells, layout_loops_ring, minmay_quantized
D:2:      layout_basic, serial_forest, infiniplex_forest_clump_long,
          infiniplex_forest_zigzag_2, infiniplex_forest_lined_room_3,
          infiniplex_forest_lined_room_, infiniplex_forest_clump_small,
          infiniplex_forest_lined_2, infiniplex_forest_clump_large
D:3:      layout_loops_ring, gammafunk_ghost_stat_death, uniq_jessica,
          uniq_sigmund, uniq_ijyb

Action                   || total
-------------------------++-------
Melee: War axe           ||    29
Throw: Throwing net      ||     1
  Use: Potion            ||     1
 Stab: Held in net/web   ||     1
Armor: Leather armour    ||     9
Dodge: Dodged            ||    27

Table legend: (Time is in decaauts)
 A = Elapsed time spent in this place.
 B = Non-inter-level travel time spent in this place.
 C = Inter-level travel time spent in this place.
 D = Time resting spent in this place.
 E = Time spent auto-exploring this place.
 F = Levels seen in this place.
 G = Mean time per level.
                   A        B        C        D        E       F      G
               +--------+--------+--------+--------+--------+-----+--------+
         Total |    208 |    208 |      0 |      0 |      0 |   3 |   69.3 |
       Dungeon |    208 |    208 |      0 |      0 |      0 |   3 |   69.3 |
               +--------+--------+--------+--------+--------+-----+--------+

Top non-repeatable levels by time:
     D:1: 129 daAuts
     D:2: 74 daAuts
     D:3: 5 daAuts
